 Dungeon Crawl Stone Soup version 0.30-b1-2-g02819fbbbe (webtiles) character file.

Game seed: 15781707574153562865

531669 Drakonis1988 the Axe Maniac (level 24, -7/190 (202) HPs)
             Began as a Minotaur Fighter on June 24, 2023.
             Was a High Priest of Okawaru.
             Killed by divine providence
             ... invoked by a royal mummy
              (13 damage)
             ... on level 2 of the Tomb of the Ancients on June 25, 2023.
             The game lasted 02:25:27 (56098 turns).

Drakonis1988 the Axe Maniac (Minotaur Fighter)     Turns: 56098, Time: 02:25:28

HP:   -7/190 (202)  AC:  7    Str: 39    XL:     24   Next: 44%
MP:   0/34          EV: 31    Int: -1 (2) God:    Okawaru [*****.]
Gold: 7961          SH: 30    Dex: 21    Spells: 34/34 levels left

rFire   + . .        O - +4 broad axe "Jelly's Undoing" {drain, *Noise rElec rC++ Dex+3}
rCold   + + .        T - +4 tower shield {AC+3}
rNeg    + . .        (no body armour)
rPois   +            J - +2 hat of the Bear Spirit {Spirit, Bear, *Rage Will++}
rElec   +            U - +1 cloak "Fewn" {Dex+5}
rCorr   +            X - +1 pair of gloves "Fuoher" {-Cast rPois rF+ rCorr}
SInv    .            a - +2 pair of boots
Will    +++..        (no amulet)
Stlth   +++          y - +6 ring of strength
HPRegen 0.51/turn    v - ring of Soufig {rElec rN+ rCorr}
MPRegen 0.24/turn

%: no spellcasting, random rage (20%), guardian spirit
@: lethally poisoned (-7 -> -19), heroic, marked, corroded, on berserk cooldown,
slowed, lost intelligence, drained, unable to read, very slow
A: horns 2, retaliatory headbutt, dopey 1, frail 1, strong 1
}: 3/15 runes: decaying, serpentine, silver
a: Renounce Religion, Heroism, Finesse, Duel


You were on level 2 of the Tomb of the Ancients.
You worshipped Okawaru.
Okawaru was extremely pleased with you.
You visited 10 branches of the dungeon, and saw 45 of its levels.
You visited the Abyss 2 times.
You also visited: Ossuary.

You collected 8129 gold pieces.
You spent 168 gold pieces at shops.

Inventory:

Hand Weapons
 o - the +6 trident of Zuto {spect, rElec rC+ rN+}
   (You found it on level 2 of the Dungeon)

   rC:        It protects you from cold.
   rElec:     It insulates you from electricity.
   rN:        It protects you from negative energy.
 O - the +4 broad axe "Jelly's Undoing" (weapon) {drain, *Noise rElec rC++ Dex+3}
   (Okawaru gifted it to you on level 10 of the Dungeon)

   Dex:       It affects your dexterity (+3).
   rC:        It greatly protects you from cold.
   rElec:     It insulates you from electricity.
   *Noise:    It may make noises in combat.
Armour
 a - a +2 pair of boots (worn)
 j - a +2 hat of intelligence
 J - the +2 hat of the Bear Spirit (worn) {Spirit, Bear, *Rage Will++}
   (You acquired it on level 2 of the Vaults)

   Bear:      Going berserk makes the wearer exceptionally tough, and they are
   slowed for a shorter time afterward.
   *Rage:     It berserks you when you make melee attacks (+20% chance).
   Will:      It greatly increases your willpower.
 L - the +0 plate armour "Foappeut" {rF+ rCorr Str+2 Int-3}
   (You found it on level 9 of the Dungeon)

   Str:       It affects your strength (+2).
   Int:       It affects your intelligence (-3).
   rF:        It protects you from fire.
   rCorr:     It protects you from acid and corrosion.
 T - a +4 tower shield of protection (worn)
 U - the +1 cloak "Fewn" (worn) {Dex+5}
   (Okawaru gifted it to you on level 15 of the Dungeon)

   Dex:       It affects your dexterity (+5).
 X - the +1 pair of gloves "Fuoher" (worn) {-Cast rPois rF+ rCorr}
   (Okawaru gifted it to you on level 5 of the Lair of Beasts)

   rF:        It protects you from fire.
   rPois:     It protects you from poison.
   -Cast:     It prevents spellcasting.
   rCorr:     It protects you from acid and corrosion.
Jewellery
 v - the ring of Soufig (right hand) {rElec rN+ rCorr}
   (You took it off an ironbound convoker on level 5 of the Vaults)

   [ring of positive energy]

   rElec:     It insulates you from electricity.
   rN:        It protects you from negative energy.
   rCorr:     It protects you from acid and corrosion.
 y - a +6 ring of strength (left hand)
 B - the ring "Qoklo" {rElec rC+ rN+ Int-5 Slay+2}
   (You took it off a mummy priest on level 3 of the Crypt)

   [ring of positive energy]

   Int:       It affects your intelligence (-5).
   Slay:      It affects your accuracy & damage with ranged weapons and melee
   (+2).
   rC:        It protects you from cold.
   rElec:     It insulates you from electricity.
   rN:        It protects you from negative energy.
 S - a +6 ring of intelligence
 W - a +4 ring of slaying
 Y - a ring of wizardry
 Z - a ring of protection from fire
Wands
 e - a wand of charming (16)
 l - a wand of iceblast (44)
 G - a wand of light (16)
 H - a wand of mindburst (36)
 I - a wand of flame (63)
 R - a wand of polymorph (20)
Scrolls
 b - 16 scrolls of vulnerability
 c - 4 scrolls of brand weapon
 i - 3 scrolls of silence
 p - 12 scrolls of poison
 s - 10 scrolls of magic mapping
 t - 9 scrolls of teleportation
 w - 11 scrolls of fear
 z - 9 scrolls of fog
 A - 5 scrolls of immolation
 C - 2 scrolls of torment
 E - 6 scrolls of enchant weapon
 K - 2 scrolls of blinking
 M - 6 scrolls of amnesia
Potions
 d - 11 potions of might
 f - 21 potions of curing
 g - 9 potions of lignification
 h - 4 potions of brilliance
 k - a potion of resistance
 n - 8 potions of invisibility
 r - 2 potions of ambrosia
 x - 8 potions of heal wounds
 D - a potion of berserk rage
 F - 3 potions of cancellation
 N - 8 potions of mutation
 P - 11 potions of haste
 Q - 9 potions of flight
 V - 2 potions of magic
Miscellaneous
 m - a phial of floods
 q - a lightning rod (4/4)


   Skills:
 + Level 20.5(25.5) Fighting
 O Level 27 Axes
 + Level 20.5(25.5) Armour
 + Level 18.7(23.7) Dodging
 + Level 20.6(25.6) Shields
 + Level 5.8 Spellcasting
 + Level 5.7 Hexes
 + Level 16.6 Invocations
 + Level 7.7 Evocations


You had 34 spell levels left.
You didn't know any spells.
Your spell library contained the following spells:

 Spells                   Type           Power      Damage    Failure   Level
 Slow                     Hex            0%         N/A       4%          1
 Confusing Touch          Hex            0%         N/A       12%         3
 Ensorcelled Hibernation  Hex/Ice        0%         N/A       21%         2
 Dazzling Flash           Conj/Hex       0%         N/A       36%         3
 Inner Flame              Hex/Fire       0%         N/A       36%         3
 Cause Fear               Hex            0%         N/A       38%         4
 Beastly Appendage        Tmut           0%         N/A       41%         1
 Kiss of Death            Conj/Necr      0%         2d5       41%         1
 Shock                    Conj/Air       0%         1d3       41%         1
 Sting                    Tmut/Pois      0%         1d3       41%         1
 Blink                    Tloc           0%         N/A       54%         2
 Cigotuvi's Dreadful Rot  Necr/Pois/Air  0%         N/A       54%         2
 Lesser Beckoning         Tloc           0%         N/A       54%         2
 Passwall                 Tmut/Erth      0%         N/A       54%         2
 Poisonous Vapours        Pois/Air       0%         N/A       54%         2
 Scorch                   Fire           0%         2d5       54%         2
 Wereblood                Tmut           0%         N/A       54%         2
 Frozen Ramparts          Ice            0%         1d1       78%         3
 Gell's Gravitas          Tloc           0%         N/A       78%         3
 Ignite Poison            Fire/Tmut/Pois 0%         N/A       78%         3
 Mephitic Cloud           Conj/Pois/Air  0%         N/A       78%         3
 Spider Form              Tmut/Pois      0%         N/A       78%         3
 Swiftness                Air            0%         N/A       78%         3
 Teleport Other           Tloc           0%         N/A       78%         3
 Vampiric Draining        Necr           0%         2d6       78%         3
 Volatile Blastmotes      Fire/Tloc      0%         2d10      78%         3
 Fulminant Prism          Conj/Hex       0%         3d5       78%         4
 Leda's Liquefaction      Hex/Erth       0%         N/A       78%         4
 Silence                  Hex/Air        0%         N/A       98%         5
 Yara's Violent Unravell  Hex/Tmut       0%         3d3       98%         5
 Airstrike                Air            0%         2d(0-16)  99%         4
 Dispel Undead            Necr           0%         3d6       99%         4
 Flame Wave               Conj/Fire      0%         2d4       99%         4
 Ice Form                 Ice/Tmut       0%         N/A       99%         4
 Iskenderun's Mystic Bla  Conj/Tloc      0%         2d3       99%         4
 Manifold Assault         Tloc           0%         N/A       99%         4
 Olgreb's Toxic Radiance  Pois           0%         N/A       99%         4
 Passage of Golubria      Tloc           0%         N/A       99%         4
 Sticky Flame             Conj/Fire      0%         2d3       99%         4
 Agony                    Necr           0%         N/A       100%        5
 Alistair's Intoxication  Tmut/Pois      0%         N/A       100%        5
 Blade Hands              Tmut           0%         N/A       100%        5
 Borgnjor's Vile Clutch   Necr/Erth      0%         N/A       100%        5
 Freezing Cloud           Conj/Ice/Air   0%         6-21      100%        5
 Lee's Rapid Deconstruct  Erth           0%         3d4*      100%        5
 Conjure Ball Lightning   Conj/Air       0%         3x3d6     100%        6
 Eringya's Noxious Bog    Tmut/Pois      0%         N/A       100%        6
 Iron Shot                Conj/Erth      0%         9d1       100%        6
 Ozocubu's Refrigeration  Ice            0%         4d7       100%        7
 Storm Form               Tmut/Air       0%         N/A       100%        7
 Discord                  Hex            0%         N/A       100%        8
 Disjunction              Tloc           0%         N/A       100%        8
 Lehudib's Crystal Spear  Conj/Erth      0%         10d2      100%        8
 Maxwell's Capacitive Co  Air            0%         ∞         100%        8
 Polar Vortex             Ice            0%         N/A       100%        9
 Tukima's Dance           Hex            Unusable   N/A       N/A         3
 Summon Mana Viper        Hex/Summ       Unusable   N/A       N/A         5
 Animate Armour           Summ/Erth      Unusable   N/A       N/A         4
 Summon Ice Beast         Ice/Summ       Unusable   N/A       N/A         4
 Summon Lightning Spire   Summ/Air       Unusable   N/A       N/A         4
 Simulacrum               Ice/Necr       Unusable   N/A       N/A         6
 Summon Cactus Giant      Summ           Unusable   N/A       N/A         6

Dungeon Overview and Level Annotations

Branches:
Dungeon (15/15)            Temple (1/1) D:4            Lair (5/5) D:11
  Swamp (4/4) Lair:3        Snake (4/4) Lair:2        Slime (0/5) Lair:4
    Orc (2/2) D:10            Elf (0/3) Orc:2        Vaults (5/5) D:14
  Crypt (3/3) Vaults:2       Tomb (2/3) Crypt:3      Depths (4/4) D:15
    Zot (0/5) Depths:4    Ossuary (visited)

Altars:
Ashenzari
Cheibriados
Dithmenos
Elyvilon
Fedhas
Gozag
Hepliaklqana
Kikubaaqudgha
Makhleb
Nemelex Xobeh
Okawaru
Qazlal
Ru
Sif Muna
Trog
Uskayaw
Vehumet
Wu Jian
Xom
Yredelemnul
Zin
The Shining One
Jiyva

Shops:
D:2 (?   D:3 ?=(   D:6 *   D:8 ?   D:10 =   Orc:1 =   Orc:2 *(=[!
Snake:2 (??[([   Vaults:3 (   Depths:4 ::=

Portals:
Hell: Depths:1 Depths:2 Depths:3 Depths:4
Abyss: Depths:3
Pandemonium: Depths:2
Ziggurat: Depths:3

Annotations:
Tomb:2 Boris
Depths:1 2 transporters, 1 runed translucent door, Termiter's ghost, journeyman DsNe
Depths:3 3 runed translucent doors


Innate Abilities, Weirdness & Mutations

You have a pair of horns on your head.
You reflexively headbutt those who attack you in melee.
You are dopey. (Int -2)
You are frail. (-10% HP)
Your muscles are strong. (Str +4, Int/Dex -1)


Message History

The royal mummy gestures wildly while chanting.
The royal mummy hits you.
* * * LOW HITPOINT WARNING * * *
The emperor scorpion stings you but does no damage.
The emperor scorpion claws you.
* * * LOW HITPOINT WARNING * * *
The emperor scorpion barely misses you. The rust devil hits you.
The emperor scorpion stings you!
* * * LOW HITPOINT WARNING * * *
The emperor scorpion claws you.
* * * LOW HITPOINT WARNING * * *
The emperor scorpion barely misses you.
You can move again.
Unknown command.
Unknown command.
Level annotation: Boris Welcome back, Drakonis1988 the Minotaur Fighter.
Okawaru says: Bring me glory in combat!
Press ? for a list of commands and other information.
You are too berserk!
You are no longer berserk.
You are exhausted.
You feel as though you will be slow longer.
You feel very sick. You block the death scarab's attack.
The death scarab bites you!!
* * * LOW HITPOINT WARNING * * *
The death scarab drains your vigour!
You feel as though you will be slow longer.
The death scarab draws strength from your injuries!
The death scarab completely misses you. You furiously retaliate!
You headbutt the death scarab! You block the flying skull's attack.
The flying skull completely misses you. You furiously retaliate!
You headbutt the flying skull!! You block the death scarab's attack.
Something touches you.
* * * LOW HITPOINT WARNING * * *
You partially resist.
You feel drained.
Deactivating autopickup; reactivate with Ctrl-A.
The royal mummy points at you and mumbles some strange words.
Something smites you!
You die...

...........
L........ .
#M......# .
..##4.M....##..
..M..4.........
.....MLBBMB....
.....3MBsM4....
.....z4@sMs§...
....§BBz{BB....


MB..§BMMszM.... ....MM......... ..##.......##.. . #.......# . .........
........... You could see 4 royal mummies, Boris, 3 emperor scorpions, 2 mummy
priests, a skeletal warrior, a hellwing (summoned), a guardian mummy, a rust
devil (summoned), a neqoxec (summoned), 9 death scarabs, 2 flying skulls and a
mummy.

Vanquished Creatures
  Khufu (Crypt:3)
  An ancient lich (Vaults:4)
  A juggernaut (Depths:4)
  Sojobo (Depths:1)
  4 royal mummies
  Vv (Crypt:2)
  Boris (Depths:4)
  Bai Suzhen (Vaults:2)
  Saint Roka (Crypt:3)
  Frederick (Crypt:3)
  Margery (Vaults:4)
  Vashnia (Snake:4)
  Xtahua (Vaults:4)
  A caustic shrike (shapeshifter) (Vaults:1)
  Jory (Vaults:2)
  A profane servitor (Abyss:2)
  4 golden dragons
  2 bone dragons (Abyss:2)
  Mlioglotl (Swamp:2)
  4 liches
  Asterion (Vaults:2)
  6 tentacled monstrosities
  3 titans
  A walking divine tome (Depths:2)
  3 walking frostbound tomes
  A quicksilver dragon (Depths:4)
  9 ancient champions
  The ghost of Aldia the Brawler, an adept TrCK of Wu Jian (Swamp:1)
  11 sphinxes
  2 tentacled starspawn (Abyss:2)
  4 thorn hunters
  A fenstrider witch (Swamp:3)
  A draconian monk (Depths:4)
  2 nagarajas (Snake:4)
  7 tengu reavers
  6 shadow dragons
  5 revenants
  9 fire giants
  A draconian knight (Depths:4)
  Aizul (Snake:4)
  7 frost giants
  A balrug (Depths:3)
  17 vault wardens
  7 curse skulls
  2 iron dragons
  5 ghouls
  A caustic shrike zombie (Tomb:2)
  2 orc warlords
  16 ironbound preservers
  A reaper (Crypt:3)
  20 very ugly things
  3 war gargoyles
  4 eleionomae
  8 ironbound thunderhulks
  16 stone giants
  2 bennus (Tomb:2)
  2 grey draconians (Depths:4)
  2 white draconians (Depths:4)
  8 vampire knights
  2 green draconians (Depths:4)
  13 dire elephants
  6 bunyips
  2 purple draconians (Depths:4)
  3 spark wasps (Depths:4)
  Josephine (D:12)
  5 eidola
  2 shambling mangroves
  4 deep elf death magi
  2 crystal guardians (Vaults:3)
  An ettin (shapeshifter) (Vaults:5)
  9 fire dragons
  12 ettins
  4 deep elf high priests
  9 mummy priests
  3 rakshasas
  A quicksilver dragon zombie (Depths:2)
  9 jiangshi
  12 yaktaur captains
  2 salamander tyrants (Snake:4)
  A fire dragon (shapeshifter) (Depths:3)
  25 hydras
  3 great orbs of eyes
  4 peacekeepers
  2 ghost crabs (Swamp:2)
  32 vault guards
  3 catoblepae (Lair:5)
  4 spriggan air magi (Depths:3)
  6 ice dragons
  2 ogre magi
  11 anacondas
  An anaconda (shapeshifter) (Vaults:4)
  11 two-headed ogres
  5 boulder beetles
  8 alligators
  8 ironbound frosthearts
  17 naga warriors
  5 deep troll shamans
  5 centaur warriors
  7 dancing weapons
  5 tengu warriors
  14 death scarabs
  3 deep troll earth magi
  6 death yaks (Lair:5)
  2 death knights
  11 shock serpents
  6 spriggan berserkers
  A thrashing horror (Abyss:2)
  7 vampire magi
  10 spriggans
  18 hell knights
  The ghost of avis the Transmogrifier, a journeyman VSTm of Okawaru (Lair:1)
  Sonja (D:12)
  Urug (Orc:2)
  A sun demon (Depths:3)
  A soul eater (Abyss:2)
  11 naga sharpshooters
  2 shadow wraiths (Crypt:2)
  A wretched star (Abyss:2)
  A titan skeleton (Tomb:1)
  3 sea snakes (Snake:2)
  2 skysharks
  A fire crab (Lair:5)
  3 salamander mystics (Snake:4)
  A quicksilver dragon simulacrum (Vaults:4)
  Lodul (D:10)
  10 goliath frogs
  18 bog bodies
  42 deep trolls
  8 iron trolls
  A sixfirhy (Abyss:2)
  7 spriggan druids
  An obsidian statue (Vaults:2)
  27 skeletal warriors
  5 naga ritualists
  15 swamp dragons
  8 harpies
  10 phantasmal warriors
  A bunyip skeleton (Crypt:2)
  6 glowing orange brains
  17 lindwurms
  6 orc knights
  A golden dragon skeleton (Depths:2)
  2 flayed ghosts (Crypt:3)
  23 ironbound convokers
  7 wizards
  A sphinx zombie (Depths:2)
  32 ugly things
  A harpy (shapeshifter) (Vaults:1)
  A stone giant zombie (Vaults:4)
  An eleionoma zombie (Crypt:3)
  A shining eye (shapeshifter) (D:13)
  4 mana vipers
  8 necromancers
  A fire giant zombie (Vaults:4)
  3 manticores
  A sphinx skeleton (Depths:2)
  A mana viper (shapeshifter) (Depths:3)
  An orc sorcerer (Crypt:3)
  An oklob plant (Lair:2)
  A manticore (shapeshifter) (Vaults:5)
  5 cyclopes
  11 salamanders
  A shadow dragon skeleton (Crypt:3)
  4 will-o-the-wisps
  31 black mambas
  8 guardian serpents
  10 vault sentinels
  A guardian serpent (shapeshifter) (D:15)
  4 smoke demons
  11 naga magi
  2 gargoyles (D:12)
  Maurice (D:13)
  3 rime drakes
  12 cane toads
  A white draconian zombie (Crypt:3)
  35 yaktaurs
  2 efreet (D:14)
  A steelbarb worm zombie (Crypt:1)
  39 guardian mummies
  9 komodo dragons
  A tormentor (Tomb:1)
  2 freezing wraiths
  5 tengu conjurers
  A bloated husk (Swamp:3)
  An ancient zyme (Abyss:2)
  A black draconian skeleton (Crypt:1)
  A queen bee (shapeshifter) (Vaults:5)
  A meliai (shapeshifter) (Vaults:5)
  A harpy zombie (Crypt:2)
  3 trolls
  4 large abominations (Abyss:2)
  12 hornets
  20 blink frogs
  8 dream sheep
  7 tyrant leeches
  2 tarantella zombies (Crypt:2)
  28 slime creatures
  A fire dragon skeleton (Crypt:3)
  A fire giant simulacrum (Depths:2)
  8 flying skulls (Tomb:2)
  A vampire (D:14)
  17 water elementals
  12 wraiths
  8 wyverns
  74 yaks
  4 shadows
  11 ushabtiu
  5 steam dragons
  19 vampire mosquitoes
  A basilisk (shapeshifter) (Vaults:5)
  Grum (D:9)
  A redback (shapeshifter) (Vaults:4)
  6 basilisks
  A death yak simulacrum (Lair:1)
  A warg (shapeshifter) (Vaults:5)
  4 wargs
  17 swamp worms
  46 nagas
  A skyshark zombie (Crypt:3)
  15 water moccasins
  A glowing shapeshifter skeleton (Vaults:4)
  Duvessa (D:6)
  A two-headed ogre skeleton (Crypt:3)
  A hydra simulacrum (Lair:1)
  A floating eye (Depths:3)
  5 swamp drakes
  37 orc warriors
  A sky beast (Abyss:2)
  4 black bears
  2 black mamba simulacra (Lair:1)
  An ice beast (D:3)
  A swamp dragon zombie (Crypt:2)
  2 manticore zombies
  A boggart (shapeshifter) (Vaults:4)
  10 centaurs
  4 boggarts (Vaults:1)
  22 wolves
  14 ogres
  3 blink frog skeletons
  6 starcursed masses
  A phantom (D:5)
  An elephant skeleton (Crypt:3)
  2 kobold brigands
  A salamander zombie (Crypt:1)
  8 bullfrogs
  3 necrophages (Crypt:1)
  2 cane toad simulacra (Lair:1)
  A gnoll sergeant (D:11)
  4 scorpions
  2 small abominations (Abyss:2)
  8 wights (D:8)
  Dowan (D:6)
  12 killer bees
  A dream sheep simulacrum (Lair:1)
  3 howler monkeys
  5 electric eels
  5 jellies (Lair:4)
  A centaur zombie (Ossuary)
  4 hounds
  16 orc priests
  21 orc wizards
  A sleepcap (D:6)
  10 iguanas
  4 hell rats (Lair:5)
  A killer bee zombie (Crypt:3)
  2 bullfrog simulacra (Lair:1)
  A tengu skeleton (Crypt:1)
  A howler monkey zombie (Crypt:1)
  19 mummies
  12 adders
  10 gnolls
  2 shadow imps
  A white imp (D:5)
  2 ufetubi
  An adder zombie (Crypt:1)
  2 worms (D:2)
  6 dart slugs
  54 orcs
  4 endoplasms
  4 giant cockroaches
  3 gnoll zombies (Ossuary)
  5 goblins
  8 hobgoblins
  2 jackals (D:1)
  19 kobolds
  6 quokkas
  3 ball pythons
  2 bats
  A frilled lizard (D:2)
  A gnoll skeleton (Crypt:1)
  3 goblin zombies (Ossuary)
  2 hobgoblin zombies (Ossuary)
  5 orc zombies (Ossuary)
  8 rats
  8 briar patches (Swamp:4)
  A fungus (Lair:1)
  4 plants (Swamp:3)
  3 spectral weapons (Vaults:2)
  2 starspawn tentacles (Abyss:2)
1865 creatures vanquished.

Vanquished Creatures (others)
  A hydra (Swamp:2)
  An alligator (Swamp:2)
  2 bloated husks
  A water elemental (Depths:2)
  A water moccasin (Lair:5)
  A swamp drake (Swamp:4)
  A boggart (Vaults:1)
  A centaur (Orc:2)
  A mummy (Tomb:1)
  2 orcs (Orc:2)
  8 foxfires
  25 fungi
  85 plants
  A spectral weapon (D:10)
  3 starspawn tentacles (Abyss:2)
134 creatures vanquished.

Grand Total: 1999 creatures vanquished

Notes
Turn   | Place    | Note
-------+----------+-------------------------------------------
     0 | D:1      | Drakonis1988 the Minotaur Fighter began the quest for the
                  | Orb.
     0 | D:1      | Reached XP level 1. HP: 19/19 MP: 0/0
   266 | D:1      | Reached XP level 2. HP: 27/27 MP: 1/1
   786 | D:2      | Reached skill level 3 in Axes
   846 | D:2      | Got Jeotseq's Compendium of Sculpting
   871 | D:2      | Reached XP level 3. HP: 30/33 MP: 2/2
   940 | D:2      | Reached skill level 1 in Dodging
  1306 | D:2      | Reached XP level 4. HP: 34/40 MP: 3/3
  1349 | D:2      | Found Jaemonea's Antique Weapon Shop.
  1411 | D:2      | Found Ejeshomoo's Magic Scroll Shoppe.
  1463 | D:2      | Identified the +6 trident of Zuto {spect, rElec rC+ rN+}
  1511 | D:3      | Found Kesk's Magic Scroll Boutique.
  1511 | D:3      | Found Beyck's Jewellery Shoppe.
  1551 | D:3      | Found Meocw's Weapon Boutique.
  1735 | D:3      | Noticed an ice beast
  1738 | D:3      | Killed an ice beast
  1739 | D:3      | Reached skill level 4 in Axes
  1739 | D:3      | Reached XP level 5. HP: 47/47 MP: 4/4
  1838 | D:3      | Found a stormy altar of Qazlal.
  2030 | D:4      | Found a staircase to the Ecumenical Temple.
  2087 | Temple   | Entered the Ecumenical Temple
  2167 | Temple   | Became a worshipper of Warmaster Okawaru
  2205 | D:4      | Noticed a black bear
  2211 | D:4      | Killed a black bear
  2212 | D:4      | Reached XP level 6. HP: 55/55 MP: 5/5
  2223 | D:4      | Reached skill level 5 in Axes
  2489 | D:4      | Found a sand-covered staircase.
  2502 | Ossuary  | Entered an ossuary
  2510 | Ossuary  | Reached skill level 5 in Fighting
  2517 | Ossuary  | Reached skill level 5 in Armour
  2537 | Ossuary  | Reached skill level 5 in Shields
  2643 | D:4      | Found a shimmering blue altar of Sif Muna.
  2649 | D:4      | Reached * piety under Okawaru
  2654 | D:4      | Got Sif Muna's Vellum of the Crevasse
  2659 | D:4      | Found a bloodstained altar of Trog.
  2659 | D:4      | Noticed an orc warrior
  2664 | D:4      | Killed an orc warrior
  2665 | D:4      | Reached XP level 7. HP: 50/61 MP: 6/6
  2935 | D:5      | Entered Level 5 of the Dungeon
  2951 | D:5      | Reached skill level 6 in Axes
  2999 | D:5      | Reached ** piety under Okawaru
  3110 | D:5      | Reached XP level 8. HP: 70/70 MP: 7/7
  3641 | D:6      | Identified the staff of poison "Xarphocu" {rPois rC- rN+++
                  | Str-2 Stlth+}
  3659 | D:6      | Reached skill level 7 in Axes
  3772 | D:6      | Noticed Dowan
  3773 | D:6      | Noticed Duvessa
  3780 | D:6      | Killed Duvessa
  3781 | D:6      | Killed Dowan
  3807 | D:6      | Reached skill level 8 in Axes
  3808 | D:6      | Reached *** piety under Okawaru
  3923 | D:6      | Reached XP level 9. HP: 75/78 MP: 8/8
  3924 | D:6      | Reached skill level 5 in Dodging
  3935 | D:6      | Found Sebib's Elemental Accessories.
  4583 | D:8      | Reached **** piety under Okawaru
  4584 | D:8      | Reached skill level 9 in Axes
  4584 | D:8      | Reached skill level 1 in Invocations
  4905 | D:8      | Received a gift from Okawaru
  5148 | D:8      | Reached skill level 10 in Axes
  5149 | D:8      | Reached XP level 10. HP: 73/88 MP: 9/11
  5153 | D:8      | Reached ***** piety under Okawaru
  5465 | D:8      | Found Sewaun's Magic Scroll Emporium.
  5474 | D:8      | Bought a scroll of identify for 24 gold pieces
  5474 | D:8      | Bought a scroll of identify for 24 gold pieces
  5646 | D:9      | Identified the +0 plate armour "Foappeut" {rF+ rCorr Str+2
                  | Int-3}
  5812 | D:9      | Received a gift from Okawaru
  6151 | D:9      | Noticed Grum
  6164 | D:9      | Killed Grum
  6531 | D:10     | Entered Level 10 of the Dungeon
  6539 | D:10     | Reached skill level 11 in Axes
  6598 | D:10     | Found a staircase to the Orcish Mines.
  6630 | D:10     | Noticed a two-headed ogre
  6636 | D:10     | Killed a two-headed ogre
  6788 | D:10     | Noticed Lodul
  6948 | D:10     | Reached XP level 11. HP: 95/95 MP: 10/13
  6953 | D:10     | Killed Lodul
  6981 | D:10     | Found Ximpesou's Jewellery Shop.
  7066 | D:10     | Noticed a two-headed ogre
  7071 | D:10     | Killed a two-headed ogre
  7106 | D:10     | Noticed a two-headed ogre
  7112 | D:10     | Killed a two-headed ogre
  7113 | D:10     | Reached skill level 12 in Axes
  7211 | D:10     | Identified the +4 broad axe "Jelly's Undoing" {drain,
                  | *Noise rElec rC++ Dex+3} (Okawaru gifted it to you on level
                  | 10 of the Dungeon)
  7211 | D:10     | Received a gift from Okawaru
  7219 | D:10     | Identified the +10 long sword of Jaaz {freeze, rF- Str+3
                  | Int+2}
  7365 | D:10     | Identified the +1 robe of Happiness {-Tele +Inv Dex+2}
  7470 | D:11     | Found a staircase to the Lair.
  7484 | D:11     | Noticed a two-headed ogre
  7502 | D:11     | Reached ****** piety under Okawaru
  7510 | D:11     | Killed a two-headed ogre
  7511 | D:11     | Reached skill level 5 in Invocations
  7513 | D:11     | Noticed a two-headed ogre
  7520 | D:11     | Killed a two-headed ogre
  7521 | D:11     | Noticed a boulder beetle
  7529 | D:11     | Killed a boulder beetle
  8260 | Orc:1    | Entered Level 1 of the Orcish Mines
  8332 | Orc:1    | Found Romeast's Jewellery Emporium.
  8332 | Orc:1    | Noticed a two-headed ogre
  8338 | Orc:1    | Killed a two-headed ogre
  8385 | Orc:1    | Noticed an ettin
  8391 | Orc:1    | Killed an ettin
  8391 | Orc:1    | Identified the +0 pair of gloves "Beghop" {Str+4 Int-4
                  | Slay+5} (Okawaru gifted it to you on level 1 of the Orcish
                  | Mines)
  8391 | Orc:1    | Received a gift from Okawaru
  8392 | Orc:1    | Reached skill level 13 in Axes
  8417 | Orc:1    | Noticed an orc knight
  8431 | Orc:1    | Killed an orc knight
  8748 | Orc:2    | Entered Level 2 of the Orcish Mines
  8748 | Orc:2    | Noticed Urug
  8765 | Orc:1    | Reached skill level 10 in Shields
  8837 | Orc:1    | Reached skill level 10 in Fighting
  8837 | Orc:1    | Reached XP level 12. HP: 106/106 MP: 15/15
  8845 | Orc:2    | Killed Urug
  8846 | Orc:2    | Reached skill level 10 in Armour
  8955 | Orc:2    | Found a staircase to the Elven Halls.
  8988 | Orc:2    | Noticed a two-headed ogre
  8995 | Orc:2    | Killed a two-headed ogre
  9387 | Orc:2    | Noticed a centaur warrior
  9639 | Orc:2    | Killed a centaur warrior
 10205 | Orc:2    | Found Gomanol's Assorted Antiques.
 10581 | Orc:2    | Found Muhariw's Antique Armour Shoppe.
 10581 | Orc:2    | Found Iviruseggu's Jewellery Shop.
 10583 | Orc:2    | Found Itoehaep's Antique Weapon Boutique.
 10585 | Orc:2    | Found Fuczog's Distillery.
 10839 | Orc:2    | Reached skill level 14 in Axes
 11001 | Lair:1   | Entered Level 1 of the Lair of Beasts
 11010 | Lair:1   | Identified the +0 plate armour "Ybraipn" {rPois Dex+3
                  | Stlth-} (Okawaru gifted it to you on level 1 of the Lair of
                  | Beasts)
 11010 | Lair:1   | Received a gift from Okawaru
 11087 | Lair:1   | Identified the +4 falchion of Insomnia {venom, rC+}
 11103 | Lair:1   | Found a runed translucent gate.
 11103 | Lair:1   | Found a runed translucent gate.
 11103 | Lair:1   | Found a runed translucent gate.
 11145 | Lair:1   | Noticed avis's ghost (journeyman VSTm)
 11283 | Lair:1   | Identified the +0 leather armour "Licrac" {rF+ Str+2 Int+2}
 12260 | Lair:1   | Killed avis's ghost
 12280 | Lair:1   | Reached XP level 13. HP: 109/116 MP: 17/17
 12635 | Lair:2   | Found a staircase to the Snake Pit.
 12722 | Lair:2   | Reached skill level 15 in Axes
 12879 | Lair:2   | Found a bloodstained altar of Trog.
 13674 | Lair:3   | Identified the +0 robe of Adeciut {Rampage Str+3 Int+4}
                  | (Okawaru gifted it to you on level 3 of the Lair of Beasts)
 13674 | Lair:3   | Received a gift from Okawaru
 13748 | Lair:3   | Found a staircase to the Swamp.
 14045 | Lair:3   | Reached skill level 10 in Dodging
 14933 | Lair:4   | Found a viscous altar of Jiyva.
 14938 | Lair:4   | Found a staircase to the Slime Pits.
 15028 | Lair:4   | Reached skill level 16 in Axes
 15047 | Lair:4   | Reached XP level 14. HP: 114/126 MP: 19/19
 15530 | Lair:5   | Entered Level 5 of the Lair of Beasts
 15567 | Lair:5   | Received a gift from Okawaru
 16126 | Lair:5   | Identified the +1 pair of gloves "Fuoher" {-Cast rPois rF+
                  | rCorr} (Okawaru gifted it to you on level 5 of the Lair of
                  | Beasts)
 16126 | Lair:5   | Received a gift from Okawaru
 16487 | Lair:5   | Reached skill level 17 in Axes
 17394 | D:12     | Noticed Josephine
 17619 | D:12     | Killed Josephine
 17947 | D:12     | Noticed Sonja
 17956 | D:12     | Killed Sonja
 18695 | D:13     | Noticed Maurice
 18705 | D:13     | Killed Maurice
 18814 | D:13     | Identified a scroll of acquirement
 18815 | D:13     | Reached XP level 15. HP: 136/136 MP: 21/21
 18816 | D:13     | Acquired a manual of Axes
 19003 | D:13     | Reached XP level 16. HP: 144/144 MP: 22/22
 19022 | D:13     | Reached skill level 18 in Axes
 19049 | D:13     | Received a gift from Okawaru
 19674 | D:14     | Found a gate to the Vaults.
 19756 | D:14     | Reached skill level 10 in Invocations
 19884 | D:14     | Identified the +3 broad axe "Cynep" {pain, rC+ Str+2 Int+2}
 20147 | D:15     | Entered Level 15 of the Dungeon
 20172 | D:15     | Reached skill level 19 in Axes
 20466 | D:15     | Identified the +1 cloak "Fewn" {Dex+5} (Okawaru gifted it
                  | to you on level 15 of the Dungeon)
 20466 | D:15     | Received a gift from Okawaru
 20551 | D:15     | Found a basalt altar of Yredelemnul.
 20670 | D:15     | Found a staircase to the Depths.
 21034 | Snake:1  | Entered Level 1 of the Snake Pit
 22138 | Snake:2  | Found Ligaujul's Armour Shoppe.
 22164 | Snake:2  | Found Kuzxash's Weapon Emporium.
 22166 | Snake:2  | Found Qiehil's Magic Scroll Shoppe.
 22169 | Snake:2  | Found Qousil's Magic Scroll Emporium.
 22301 | Snake:2  | Reached skill level 20 in Axes
 22711 | Snake:2  | Found Konoor's Antique Armour Shop.
 22752 | Snake:2  | Found Zayferih's Weapon Shop.
 22852 | Snake:2  | Identified the +8 whip of Compulsion {freeze, Drain rElec
                  | MP+9 Stlth+}
 24027 | Snake:3  | Reached XP level 17. HP: 136/153 MP: 24/24
 24127 | Snake:3  | Identified the +1 plate armour of the Wicked God {rC+}
                  | (Okawaru gifted it to you on level 3 of the Snake Pit)
 24127 | Snake:3  | Received a gift from Okawaru
 24691 | Snake:4  | Entered Level 4 of the Snake Pit
 24718 | Snake:4  | Reached skill level 21 in Axes
 24750 | Snake:4  | Found a frozen archway.
 25001 | Snake:4  | Noticed Vashnia
 25315 | Snake:4  | Killed Vashnia
 25851 | Snake:4  | Noticed Aizul
 25854 | Snake:4  | Reached skill level 15 in Shields
 25870 | Snake:4  | Killed Aizul
 26334 | Snake:4  | Reached skill level 22 in Axes
 26359 | Snake:4  | Reached skill level 15 in Armour
 26703 | Snake:4  | Received a gift from Okawaru
 26707 | Snake:4  | Reached skill level 15 in Fighting
 26830 | Snake:4  | Got a serpentine rune of Zot
 27060 | Snake:2  | Bought a scroll of enchant armour for 120 gold pieces
 27261 | Vaults:1 | Entered Level 1 of the Vaults
 27746 | Vaults:1 | Received a gift from Okawaru
 27747 | Vaults:1 | Reached skill level 23 in Axes
 27755 | Vaults:1 | Reached XP level 18. HP: 135/163 MP: 25/25
 27761 | Vaults:1 | Noticed a caustic shrike
 27768 | Vaults:1 | Killed a caustic shrike
 27791 | Vaults:1 | Identified the +2 hand axe "Sangod" {venom, Str+4}
 27830 | Vaults:1 | Identified the +3 leather armour of the Trees {rPois Str+6}
 28810 | Vaults:1 | Identified the +0 ring mail of Resourcefulness {+Inv Int+6}
 28817 | Vaults:1 | Identified the +1 robe of Lucidity {Str+4}
 29395 | Vaults:2 | Identified the scarf "Nyunymp" {harm, rN+ Str+3 Dex+3
                  | Stlth+} (Okawaru gifted it to you on level 2 of the Vaults)
 29395 | Vaults:2 | Received a gift from Okawaru
 29402 | Vaults:2 | Noticed Bai Suzhen
 29414 | Vaults:2 | Killed Bai Suzhen
 29780 | Vaults:2 | Reached skill level 24 in Axes
 29992 | Vaults:2 | Noticed Asterion
 30012 | Vaults:2 | Killed Asterion
 30540 | Vaults:2 | Noticed Jory
 30564 | Vaults:2 | Killed Jory
 30565 | Vaults:2 | Reached XP level 19. HP: 71/172 MP: 27/27
 31235 | Vaults:2 | Found a staircase to the Crypt.
 31363 | Vaults:2 | Acquired the +2 hat of the Bear Spirit {Spirit, Bear, *Rage
                  | Will++}
 31363 | Vaults:2 | Found the +2 hat of the Bear Spirit {Spirit, Bear, *Rage
                  | Will++}
 31822 | Vaults:3 | Found Eskottat's Weapon Shoppe.
 32245 | Vaults:3 | Received a gift from Okawaru
 33188 | Vaults:4 | Reached skill level 15 in Dodging
 33235 | Vaults:4 | Identified the +1 hat "Gelei" {Rampage rPois} (Okawaru
                  | gifted it to you on level 4 of the Vaults)
 33235 | Vaults:4 | Received a gift from Okawaru
 33501 | Vaults:4 | Noticed Margery
 33523 | Vaults:4 | Killed Margery
 33693 | Vaults:4 | Noticed Xtahua
 33697 | Vaults:4 | Reached skill level 25 in Axes
 33709 | Vaults:4 | Killed Xtahua
 34119 | Vaults:4 | Identified the +0 pair of gloves of the Equator {Slay+2}
                  | (Okawaru gifted it to you on level 4 of the Vaults)
 34119 | Vaults:4 | Received a gift from Okawaru
 34205 | Vaults:5 | Entered Level 5 of the Vaults
 34227 | Vaults:4 | Reached XP level 20. HP: 146/184 MP: 24/29
 34457 | Vaults:5 | Noticed a golden dragon
 34518 | Vaults:4 | Killed a golden dragon
 34804 | Vaults:5 | Identified the +6 war axe of Qaupp {flame, rElec rPois
                  | Int+3 Dex-5}
 34809 | Abyss:2  | Cast into level 2 of the Abyss (vault guard)
 34810 | Abyss:2  | Found a corrupted altar of Lugonu.
 34834 | Vaults:5 | Escaped the Abyss
 35183 | Vaults:5 | Noticed a golden dragon
 35183 | Vaults:5 | Noticed an ancient lich
 35457 | Vaults:4 | Killed an ancient lich
 35457 | Vaults:4 | Received a gift from Okawaru
 35617 | Vaults:5 | Noticed a golden dragon
 35872 | Vaults:5 | Killed a golden dragon
 36022 | Vaults:5 | Killed a golden dragon
 36036 | Vaults:4 | Reached skill level 26 in Axes
 36185 | Abyss:2  | Cast into level 2 of the Abyss (vault guard)
 36325 | Abyss:2  | Noticed a bone dragon
 36334 | Abyss:2  | Killed a bone dragon
 36470 | Abyss:2  | Noticed a profane servitor
 36492 | Abyss:2  | Killed a profane servitor
 36517 | Abyss:2  | Noticed a bone dragon
 36531 | Abyss:2  | Killed a bone dragon
 36600 | Vaults:5 | Escaped the Abyss
 36628 | Vaults:5 | Identified the +5 hand axe "Midd" {venom, Will+ Str+6
                  | Dex-2}
 36984 | Vaults:5 | Identified the ring of Soufig {rElec rN+ rCorr}
 36998 | Vaults:5 | Reached XP level 21. HP: 194/194 MP: 28/30
 37302 | Vaults:5 | Got a silver rune of Zot
 37385 | Vaults:5 | Received a gift from Okawaru
 37521 | Vaults:5 | Identified the staff of air "Zichish" {rElec Str-3 Int+2
                  | Stlth+}
 37533 | Vaults:5 | Got Ownyivaa's Handbook of Malisons
 37549 | Vaults:5 | Identified the +4 chain mail of the Pink Corner {Will++
                  | rCorr Str-2 SInv}
 37789 | Vaults:5 | Identified the ring of Yredelemnul's Hope {Ice Str+4 Dex-5}
 37808 | Vaults:5 | Got the Volume of Spellbinding
 37831 | Vaults:5 | Identified the staff of poison "Poggiem" {rPois rF+}
 38408 | Swamp:1  | Entered Level 1 of the Swamp
 38708 | Swamp:1  | Found a large runed translucent door.
 38708 | Swamp:1  | Found a large runed translucent door.
 38710 | Swamp:1  | Noticed Aldia's ghost (adept TrCK)
 38752 | Swamp:1  | Killed Aldia's ghost
 38798 | Swamp:1  | Identified the staff of poison "Fexkits" {rElec rPois rC++
                  | rCorr Str-3}
 39242 | Swamp:2  | Noticed Mlioglotl
 39256 | Swamp:2  | Killed Mlioglotl
 39579 | Swamp:3  | Identified the +0 hat "Daegymir" {Dex+3} (Okawaru gifted it
                  | to you on level 3 of the Swamp)
 39579 | Swamp:3  | Received a gift from Okawaru
 39870 | Swamp:3  | Reached skill level 1 in Evocations
 40329 | Swamp:3  | Reached skill level 1 in Hexes
 40367 | Swamp:3  | Reached skill level 1 in Spellcasting
 40942 | Swamp:4  | Entered Level 4 of the Swamp
 41562 | Swamp:4  | Received a gift from Okawaru
 41910 | Swamp:4  | Got a decaying rune of Zot
 42309 | Depths:1 | Entered Level 1 of the Depths
 42342 | Depths:1 | Identified the +3 great sword of Disarray {pain, rC- rN++
                  | Dex+2 Stlth-}
 42369 | Depths:1 | Noticed Sojobo
 42387 | Depths:1 | Killed Sojobo
 42388 | Depths:1 | Reached skill level 27 in Axes
 42536 | Depths:1 | Found a transporter.
 42536 | Depths:1 | Noticed Termiter's ghost (journeyman DsNe)
 42539 | Depths:1 | Noticed an ancient lich
 42541 | Depths:1 | Found a transporter.
 42571 | Depths:1 | Reached XP level 22. HP: 204/204 MP: 32/32
 42571 | Depths:1 | Noticed an ancient lich
 42843 | Depths:1 | Found a runed translucent door.
 42982 | Depths:1 | Found a gateway to Hell.
 43318 | Depths:2 | Reached skill level 15 in Invocations
 43949 | Depths:2 | Found a glowing golden altar of the Shining One.
 44235 | Depths:2 | Identified the ring "Jagock" {rPois rC+ rN+ Int+4}
 44568 | Depths:2 | Found a one-way gate leading to the halls of Pandemonium.
 44664 | Depths:3 | Received a gift from Okawaru
 44743 | Depths:3 | Found a one-way gateway to a ziggurat.
 44868 | Depths:3 | You fall into a shaft and drop 1 floor!
 44868 | Depths:4 | Entered Level 4 of the Depths
 45097 | Depths:4 | Noticed a golden dragon
 45106 | Depths:4 | Killed a golden dragon
 45109 | Depths:4 | Found a gate to the Realm of Zot.
 45488 | Depths:3 | Found a runed translucent gate.
 45488 | Depths:3 | Found a runed translucent gate.
 45488 | Depths:3 | Found a runed translucent gate.
 45530 | Depths:3 | Reached skill level 5 in Evocations
 46402 | Depths:3 | Found a one-way gate to the infinite horrors of the Abyss.
 46555 | Depths:3 | Identified the +0 robe "Timey" {Dex+2} (Okawaru gifted it
                  | to you on level 3 of the Depths)
 46555 | Depths:3 | Received a gift from Okawaru
 46556 | Depths:3 | Reached XP level 23. HP: 213/213 MP: 33/33
 46883 | Depths:3 | Found a runed translucent gate.
 46883 | Depths:3 | Found a runed translucent gate.
 46883 | Depths:3 | Found a runed translucent gate.
 47150 | Depths:4 | Identified the +2 tower shield of Fepo {rPois rC+ rN+
                  | Str-5}
 47196 | Depths:4 | Found a broken altar of Ashenzari.
 47310 | Depths:4 | Noticed Boris
 47328 | Depths:4 | Killed Boris
 47384 | Depths:4 | Found Qesihus's Book Emporium.
 47385 | Depths:4 | Found Fipooxkaany's Jewellery Boutique.
 47386 | Depths:4 | Found Hearphat's Book Emporium.
 47618 | Depths:4 | Noticed a juggernaut
 47636 | Depths:4 | Killed a juggernaut
 48333 | Crypt:1  | Entered Level 1 of the Crypt
 48641 | Crypt:1  | Identified the +6 scale mail of Theory {Fly rElec Str+2}
 49775 | Crypt:2  | Received a gift from Okawaru
 49790 | Crypt:2  | Noticed Vv
 49821 | Crypt:2  | Killed Vv
 51120 | Crypt:3  | Entered Level 3 of the Crypt
 51351 | Crypt:3  | Reached skill level 5 in Spellcasting
 51384 | Crypt:3  | Found a staircase to the Tomb.
 51688 | Crypt:3  | Noticed Khufu
 51695 | Crypt:3  | Noticed a royal mummy
 51700 | Crypt:3  | Killed Khufu
 51701 | Crypt:3  | Reached skill level 5 in Hexes
 51708 | Crypt:3  | Killed a royal mummy
 52100 | Crypt:3  | Noticed Saint Roka
 52118 | Crypt:3  | Killed Saint Roka
 52220 | Crypt:3  | Noticed a royal mummy
 52235 | Crypt:3  | Identified the +3 robe "Ummimmap" {-Cast rElec rC++ rCorr}
                  | (Okawaru gifted it to you on level 3 of the Crypt)
 52235 | Crypt:3  | Received a gift from Okawaru
 52238 | Crypt:3  | Killed a royal mummy
 52285 | Crypt:3  | Noticed Frederick
 52473 | Crypt:3  | Reached XP level 24. HP: 142/224 MP: 33/34
 52870 | Crypt:3  | Identified the ring of Ynuotoedaf {rF+ rN+ Will++ Dex+4}
 52906 | Crypt:3  | Identified the ring "Qoklo" {rElec rC+ rN+ Int-5 Slay+2}
 52920 | Crypt:3  | Killed Frederick
 52927 | Crypt:3  | Identified the amulet of Oenomania {Reflect SH+5 Stlth+}
 53508 | Crypt:3  | Identified the ring "Hueh" {Fly rPois rN+ Will- Stlth+}
 54033 | Tomb:1   | Entered Level 1 of the Tomb of the Ancients
 54922 | Tomb:1   | Noticed a royal mummy
 54937 | Tomb:1   | Killed a royal mummy
 54942 | Tomb:1   | Noticed a royal mummy
 54970 | Tomb:1   | Killed a royal mummy
 55782 | Tomb:1   | Lost intelligence.
 55782 | Tomb:1   | Gained mutation: You are dopey. (Int -2) [mutagenic glow]
 55793 | Tomb:1   | Gained mutation: Your muscles are strong. (Str +4, Int/Dex
                  | -1) [mutagenic glow]
 56082 | Tomb:2   | Noticed a royal mummy
 56082 | Tomb:2   | Noticed a royal mummy
 56083 | Tomb:2   | Noticed a royal mummy
 56087 | Tomb:2   | Noticed Boris
 56087 | Tomb:2   | Noticed a royal mummy
 56089 | Tomb:2   | HP: 20/424 [mummy priest/divine providence (14)]
 56091 | Tomb:2   | Gained mutation: You are frail. (-10% HP) [a neqoxec]
 56093 | Tomb:2   | Noticed a royal mummy
 56094 | Tomb:2   | Lost intelligence.
 56098 | Tomb:2   | HP: 8/192 [death scarab[a royal mummy] (26)]
 56098 | Tomb:2   | Killed from afar by a royal mummy

Illustrated notes

Levels and vault maps discovered:
D:1:      tarquinn_simple_flora_water_c, layout_loops_ring,
          serial_bayou_crossing
D:2:      layout_loops_cross, serial_shops, shop, shop, minmay_vboxes
D:3:      layout_rooms, mainiacjoe_overflow_cross_hatched, serial_shops,
          nicolae_shop_bloodbath_and_beyond, shop, shop
D:4:      layout_basic, nzn_overflow_gifts_of_might_and_magic, temple_pool_b,
          lightli_ossuary_entry_decrepit_ruins
D:5:      layout_loops_cross, minmay_chambers_of_fives
D:6:      layout_cave_pools, nicolae_elemental_shop, uniq_duvessa
D:7:      layout_rooms, chequers_serial_rivers_small_3
D:8:      layout_basic, serial_shops, shop, nrook_mini_vaults,
          ebering_dispersal_statue_hall, nicolae_straight_to_the_point
D:9:      layout_roguey, uniq_grum
D:10:     layout_roguey, minmay_orc_entry_temple_small, serial_shops,
          nicolae_shop_gaudy_bauble, uniq_lodul
D:11:     layout_rooms, lair_entry_dummy
D:12:     layout_rooms, uniq_sonja, uniq_josephine
D:13:     layout_loops_ring, uniq_snorg, uniq_maurice
D:14:     layout_roguey, david_vaults_1, minmay_misc_feat_ornament
D:15:     hangedman_depths_entry_civil_slaughter, layout_cave_pools,
          yredelemnul_altar_generic
Temple:   compressed_dpeg_triangle_lava_temple
Lair:1:   layout_cave_pods, gammafunk_ghost_icy, gauntlet_entry_generic,
          chequers_serial_rivers_large_a, grunt_megastairs_5,
          infiniplex_staircase_pool
Lair:2:   beast_lair_carwin_large_1, layout_cave_pods,
          minmay_snake_entry_six_corridors, lemuel_oklob_altar
Lair:3:   layout_regular_city, minmay_swamp_entry_wisps,
          infiniplex_staircase_pool_2
Lair:4:   layout_roguey, nicolae_slime_entry_field_trip, wad_woods_river_01
Lair:5:   evilmike_catoblepas_cave, layout_gridlike, lemuel_another_geyser
Swamp:1:  layout_basic_swamp, ebering_ghost_disaster_area,
          evilmike_swamp_ruin_wall
Swamp:2:  layout_basic_swamp, nicolae_swamp_little_swirl, uniq_mlioglotl
Swamp:3:  nzn_winding_woodlands_medium [nzn_winding_woodlands_5x5_closed_star,
          nzn_winding_woodlands_5x15_eye, nzn_winding_woodlands_5x5_open_star,
          nzn_winding_woodlands_5x5_three, nzn_winding_woodlands_center_lodge,
          nzn_winding_woodlands_5x5_perimeter, nzn_winding_woodlands_hourglass,
          nzn_winding_woodlands_5x15_garden, nzn_winding_woodlands_5x5_default],
          layout_falls_marsh, evilmike_swamp_ruin_house_1, swamp_pool4,
          nicolae_swamp_very_dense_foliage
Swamp:4:  swamp_basic_johnstein, layout_basic_swamp
Snake:1:  layout_onion_interference
Snake:2:  layout_concentric_octagons, serial_shops, nicolae_shop_hallway_stairs,
          shop, nicolae_shop_rolling_square, special_room, serial_bayou_shore_a,
          minmay_shop_star, serial_bayou_shore_b
Snake:3:  layout_chambers, st_stairs_1, grunt_megastairs_3
Snake:4:  snake_pit_salamanders_mu, layout_misc_corridors,
          portal_ice_cave_entry_pillars_1, uniq_vashnia, uniq_aizul
Orc:1:    layout_caves, serial_shops, nicolae_shop_rolling_square
Orc:2:    st_orc_rangers, layout_caves, serial_shops,
          nicolae_shop_window_shopping, uniq_urug
Vaults:1: nicolae_vaults_tetromino_Z_1, v_misc_14,
          nicolae_vaults_diagonal_hallway_6, hangedman_vaults_restitches,
          nicolae_vaults_three_branches, vaults_mumra_hex,
          nicolae_vaults_storing_the_good_stuff, nicolae_vaults_trapezoid_2,
          vaults_mumra_chevron, layout_vaults_omnigrid
Vaults:2: blue_anna_dwarven_crypt, vaults_standard_mumra_lines,
          nicolae_vaults_statue_guard, nicolae_vaults_storage_closets_2,
          nicolae_vaults_network_square, nicolae_vaults_network_barrier,
          nicolae_vaults_diamond_1, vaults_room_corners,
          layout_vaults_chaotic_city, uniq_bai_suzhen, uniq_jory, uniq_asterion
Vaults:3: hangedman_vaults_pinch, nicolae_vaults_swerve, nicolae_vaults_big_ls,
          nicolae_vaults_tetromino_T_2, nicolae_vaults_diamond_1, v_misc_30,
          vaults_dpeg_encased_lava, vaults_room_pool,
          nicolae_vaults_trapezoid_2, ontoclasm_vaults_fault,
          ontoclasm_vaults_decontamination, layout_vaults_omnicross,
          serial_shops, shop
Vaults:4: nicolae_vaults_shrinking_rooms_1, v_misc_15, v_alt_pattern_2,
          v_misc_22, v_misc_25, nicolae_vaults_lightning_bolt,
          nicolae_vaults_rhombus_5, ontoclasm_vaults_idyll,
          vaults_mumra_minichess_inversion, ontoclasm_vaults_gateway,
          nicolae_vaults_little_squares_1, vaults_room_glass_cross,
          nicolae_vaults_trapezoid_lopsided_3, layout_vaults_maze_snakey,
          uniq_margery, uniq_xtahua
Vaults:5
Crypt:1:  layout_catacombs, lemuel_upstairs_altar
Crypt:2:  layout_basic, uniq_josephina, uniq_grunn, uniq_vv
Crypt:3:  due_elkab, layout_chaotic_city, grunt_ministairs_12,
          nicolae_danse_macabre, uniq_saint_roka, uniq_frederick, uniq_khufu
Tomb:1
Tomb:2
Depths:1: layout_roguey, gammafunk_ghost_mausoleum, pf_coc_iceberg,
          minmay_strange_pillars, minmay_acid_items, nicolae_triple_integral,
          uniq_sojobo
Depths:2: kennysheep_four_of_diamonds, layout_cave_shapes, pan_entry,
          hell_entry, tso_metal_star
Depths:3: kennysheep_treasure_stockpile, layout_gridlike, enter_ziggurat_d,
          abyss_entry, serial_shops, bzr_entry_road, minmay_misc_feat_alley,
          lightli_too_deep, chequers_hall_statues_corner_a,
          minmay_staircase_bubble
Depths:4: evilmike_zot_entry_gauntlet, layout_gridlike, ashenzari_altar_1,
          hell_entry, minmay_shop_grove, grunt_megastairs_4, uniq_boris

Skill      XL: |  1  2  3  4  5  6  7  8  9 10 11 12 13 14 15 16 17 18 19 20 21 22 23 |
---------------+----------------------------------------------------------------------+-----
Axes           | 3 4 5 6 8 10 11 13 14 16 17 20 23 24 25 26 27 | 27.0
Fighting       | 4 5 6 7 8 10 11 12 13 14 15 16 17 18 19 20 | 20.5
Shields        | 4 5 6 7 8 10 11 12 13 14 15 16 17 18 19 20 | 20.6
Dodging        | 1 2 3 4 6 7 8 9 10 11 12 13 14 15 16 17 18 | 18.7
Armour         | 4 5 6 7 8 9 11 12 13 14 15 16 17 18 19 20 | 20.5
Invocations    | 2 4 5 7 8 9 10 11 12 13 14 15 16 | 16.6
Evocations     | 2 5 7 |  7.7
Hexes          | 2 3 5 |  5.7
Spellcasting   | 2 3 5 |  5.8

Action                     |  1- 3 |  4- 6 |  7- 9 | 10-12 | 13-15 | 16-18 | 19-21 | 22-24 || total
---------------------------+-------+-------+-------+-------+-------+-------+-------+-------++-------
  Melee: War axe           |    91 |     3 |       |       |       |       |       |       ||    94
         Headbutt          |    11 |    15 |    26 |    79 |   110 |   260 |   337 |   512 ||  1350
         Trident           |       |    73 |   163 |   117 |       |       |       |       ||   353
         Broad axe         |       |       |       |   246 |   436 |   986 |  1166 |  1515 ||  4349
  Throw: Throwing net      |       |       |       |     1 |       |       |       |       ||     1
 Invoke: Heroism           |       |       |       |     4 |     6 |    11 |    21 |    14 ||    56
         Finesse           |       |       |       |       |       |     2 |     2 |     5 ||     9
  Evoke: Wand              |       |       |       |       |       |       |     1 |       ||     1
    Use: Scroll            |       |       |     8 |     2 |    17 |    10 |     5 |     8 ||    50
         Potion            |       |       |       |       |     1 |     1 |     1 |     1 ||     4
   Stab: Distracted        |       |       |     1 |       |       |       |       |       ||     1
         Petrified         |       |       |       |       |     2 |       |       |       ||     2
         Confused          |       |       |       |       |       |       |     3 |       ||     3
 Armour: Scale mail        |     5 |       |       |       |       |       |       |       ||     5
         Chain mail        |    47 |    25 |    58 |       |       |       |       |       ||   130
         Plate armour      |       |       |       |   163 |   205 |   290 |   554 |   340 ||  1552
         Skin              |       |       |       |       |       |       |       |    14 ||    14
  Dodge: Dodged            |    26 |    24 |    69 |   267 |   198 |   429 |   928 |   515 ||  2456
  Block: Buckler           |    21 |    25 |    48 |   212 |   190 |    68 |       |       ||   564
         Kite shield       |       |       |       |       |       |   388 |       |       ||   388
         Tower shield      |       |       |       |       |       |   395 |  1415 |  1483 ||  3293
